 Dungeon Crawl Stone Soup version 0.23.0 (webtiles) character file.

Game seed: 14687887119072730573

9673 Gazerockf the Basher (level 11, -17/135 HPs)
             Began as a Minotaur Fighter on Feb 17, 2019.
             Was an Elder of Hepliaklqana.
             Killed from afar by a rime drake (19 damage)
             ... with a flash freeze
             ... on level 1 of the Lair of Beasts.
             The game lasted 00:47:29 (9130 turns).

Gazerockf the Basher (Minotaur Fighter)             Turns: 9130, Time: 00:47:30

Health: -17/135    AC:  0    Str: 31 (34) XL:     11   Next: 26%
Magic:  10/10      EV: 15    Int:  2 (5)  God:    Hepliaklqana [****..]
Gold:   466        SH: 13    Dex: 16 (19) Spells: 10/10 levels left

rFire    . . .     SeeInvis .   J - +7 mace "Kyomicze" {freeze, Str+4}
rCold    . . .     Gourm    .   c - +0 shield
rNeg     . . .     Faith    .   (no armour)
rPois    .         Spirit   .   (helmet restricted)
rElec    .         Reflect  .   y - scarf {repulsion}
rCorr    .         Harm     .   (no gloves)
MR       +....                  (no boots)
Stlth    ..........             s - amulet of rage
HPRegen  0.32/turn              q - +5 ring of dexterity
MPRegen  0.12/turn              j - ring of protection from magic

@: agile, berserking, lethally poisoned (-17 -> -19), very slightly
contaminated, repel missiles, very quick
A: retaliatory headbutt, reduced essence, horns 2
a: Recall Ancestor, Ancestor Identity, Transference, Idealise, Renounce
Religion, Evoke Berserk Rage


You were on level 1 of the Lair of Beasts.
You worshipped Hepliaklqana.
Hepliaklqana was greatly pleased with you.
You were very hungry.

You visited 3 branches of the dungeon, and saw 11 of its levels.
You also visited: Sewer.

You collected 770 gold pieces.
You spent 304 gold pieces at shops.

Inventory:

Hand Weapons
 d - a +2 spear of distortion
 p - a +5 whip of freezing
 w - the +4 spear of the Butterfly (quivered) {flame, rF+ MR+ Int+2}
   (You bought it in a shop on level 6 of the Dungeon)

   It has been specially enchanted to burn those struck by it, causing extra
   injury to most foes and up to half again as much damage against particularly
   susceptible opponents.
   It affects your intelligence (+2).
   It protects you from fire.
   It affects your resistance to hostile enchantments.
 H - a +4 quarterstaff of chaos
 J - the +7 mace "Kyomicze" (weapon) {freeze, Str+4}
   (You found it on level 6 of the Dungeon)

   It has been specially enchanted to freeze those struck by it, causing extra
   injury to most foes and up to half again as much damage against particularly
   susceptible opponents.
   It can also slow down cold-blooded creatures.
   It affects your strength (+4).
Armour
 a - a +1 scale mail of positive energy
 b - a +2 scale mail
 c - a +0 shield (worn)
 g - a +1 chain mail of poison resistance
 y - a scarf of repulsion (worn)
 z - a +0 plate armour of cold resistance
 A - a +2 scale mail of fire resistance
 D - a +2 robe of magic resistance
 E - a +0 buckler
Jewellery
 j - a ring of protection from magic (right hand)
 q - a +5 ring of dexterity (left hand)
 s - an amulet of rage (around neck)
 x - an uncursed ring of flight
Wands
 t - a wand of paralysis (9)
 u - a wand of iceblast (28)
 F - a wand of polymorph (2)
Scrolls
 e - 2 scrolls of fog
 h - 2 scrolls of teleportation
 k - a scroll of torment
 l - 2 scrolls of remove curse
 m - 2 scrolls of amnesia
 o - a scroll of fear
 I - a scroll of noise
 K - 2 scrolls of enchant weapon
Potions
 i - a potion of brilliance
 r - a potion of magic
Comestibles
 f - 30 rations


   Skills:
 - Level 10.3 Fighting
   Level 2.4(10.5) Axes
 * Level 13.6(13.7) Maces & Flails
 - Level 7.8(8.0) Polearms
 - Level 3.6 Armour
 - Level 10.3 Shields


You had 10 spell levels left.
You didn't know any spells.
Your spell library was empty.

Dungeon Overview and Level Annotations

Branches:
Dungeon (9/15)             Temple (1/1) D:5            Lair (1/6) D:8
    Orc (0/2) D:9

Altars:
Ashenzari
Dithmenos
Elyvilon
Gozag
Hepliaklqana
Nemelex Xobeh
Ru
Sif Muna
Uskayaw
Vehumet
Xom
Yredelemnul
Zin
Beogh

Shops:
D:4 }   D:6 !((   D:7 *


Innate Abilities, Weirdness & Mutations

You reflexively headbutt those who attack you in melee.
You have a pair of horns on your head.
Your life essence is reduced to manifest your ancestor. (-10% HP)


Message History

Put on which piece of jewellery? (? for menu, Esc to quit)
Okay, then.
Unknown command.
Put on which piece of jewellery? (? for menu, Esc to quit)
Okay, then.
Unknown command.
Okay, then.
A red film seems to cover your vision as you go berserk!
You feel yourself moving faster!
You feel mighty!
You are feeling very hungry.
You hear an angry buzzing noise.
You feel a strong urge to attack something.
* * * LOW HITPOINT WARNING * * *
You feel sick.
A rime drake comes into view.
You are too berserk!
The rime drake hisses angrily.
You hear an angry buzzing noise.
The rime drake breathes ice at you. The flash freeze hits you!!
You die...

....≈≈≈#######≈≈≈###....P# ##..
+....≈≈≈≈≈≈≈≈≈≈≈..##....### #..
.......≈≈≈≈≈k≈#...........# ##^.
#........####≈............# #P..
........#####.............####...
#........##...............##.....
#................................
................................#
................@...............#
#....§..........................#
+..........#....................#
..#.#.######.....###.............
..##### ##....# #............. .
#....###.............
####...................
........................
###########.............


You could see a rime drake.

Vanquished Creatures
  Pikel (D:6)
  Prince Ribbit (D:5)
  3 hippogriffs
  Grinder (D:3)
  2 trolls (D:9)
  A hornet (D:9)
  5 blink frogs (Lair:1)
  A human (D:7)
  3 hogs (D:7)
  2 wargs (D:8)
  Menkaure (D:6)
  5 swamp worms (Lair:1)
  A porcupine (Lair:1)
  Duvessa (D:5)
  A water moccasin (Lair:1)
  3 ice beasts
  10 orc warriors
  A necrophage (D:8)
  An ogre (D:7)
  A phantom (D:5)
  3 centaurs
  8 bullfrogs
  A wyvern zombie (D:8)
  Dowan (D:5)
  A wyvern skeleton (D:6)
  2 scorpions
  10 killer bees (Lair:1)
  A howler monkey (D:9)
  3 crimson imps
  3 hounds
  2 quasits (D:7)
  Crazy Yiuf (D:6)
  6 orc priests
  A bullfrog skeleton (D:5)
  3 orc wizards
  A centaur skeleton (D:9)
  6 iguanas
  Ijyb (D:5)
  3 worker ants
  2 worker ant zombies
  4 gnolls (D:3)
  7 adders
  A shadow imp (D:5)
  9 oozes (Sewer)
  An adder zombie (D:6)
  3 adder skeletons
  5 worms
  5 dart slugs
  8 leopard geckos
  44 orcs
  12 giant cockroaches
  7 goblins
  5 hobgoblins
  6 jackals
  A quokka (D:7)
  10 ball pythons
  8 bats
  11 frilled lizards
  6 kobolds
  A quokka skeleton (D:7)
  9 rats
267 creatures vanquished.

Vanquished Creatures (collateral kills)
  A hog (D:7)
  2 sky beasts
  A centaur (D:6)
  2 bullfrogs
  A crimson imp (D:5)
  2 hounds
  2 orc wizards (D:8)
  An iguana (D:6)
  3 adders
  2 oozes
  7 leopard geckos
  A ball python (Sewer)
  A bat (D:6)
  2 giant cockroaches (Sewer)
  A jackal (D:5)
  A quokka (D:7)
  2 frilled lizards (Sewer)
32 creatures vanquished.

Vanquished Creatures (others)
  5 hexers
  5 plants (Lair:1)
10 creatures vanquished.

Grand Total: 309 creatures vanquished

Notes
Turn   | Place    | Note
-------+----------+-------------------------------------------
     0 | D:1      | Gazerockf the Minotaur Fighter began the quest for the Orb.
     0 | D:1      | Reached XP level 1. HP: 19/19 MP: 0/0
   109 | D:1      | Reached XP level 2. HP: 27/28 MP: 1/1
   394 | D:1      | Reached skill level 5 in Fighting
   470 | D:1      | You fall through a shaft!
   551 | D:2      | Reached XP level 3. HP: 36/36 MP: 2/2
  1425 | D:3      | Reached XP level 4. HP: 44/44 MP: 3/3
  1682 | D:3      | Noticed Grinder
  1703 | D:3      | Paralysed by Grinder for 6 turns
  1718 | D:3      | Paralysed by Grinder for 3 turns
  1732 | D:3      | Killed Grinder
  1732 | D:3      | Reached XP level 5. HP: 10/56 MP: 4/4
  1732 | D:3      | Reached XP level 6. HP: 11/62 MP: 5/5
  2343 | D:4      | Found a sparkling altar of Nemelex Xobeh.
  2366 | D:4      | Found Ukkejib's Gadget Boutique.
  2605 | D:5      | Entered Level 5 of the Dungeon
  2632 | D:5      | Noticed Duvessa
  2632 | D:5      | Noticed Dowan
  2654 | D:5      | Killed Duvessa
  2654 | D:5      | Reached skill level 10 in Fighting
  2654 | D:5      | Reached XP level 7. HP: 28/72 MP: 6/6
  2660 | D:5      | Killed Dowan
  2888 | D:5      | Found a staircase to the Ecumenical Temple.
  2950 | Temple   | Entered the Ecumenical Temple
  2964 | Temple   | Became a worshipper of Hepliaklqana the Forgotten
  3003 | D:5      | Found an opulent altar of Gozag.
  3013 | D:5      | Reached skill level 5 in Shields
  3274 | D:5      | Reached XP level 8. HP: 53/72 MP: 7/7
  3428 | D:5      | Noticed Ijyb
  3432 | D:5      | Killed Ijyb
  3459 | D:5      | Noticed Prince Ribbit
  3471 | D:5      | Killed Prince Ribbit
  3678 | D:6      | Found a glowing drain.
  3693 | Sewer    | Entered a sewer
  3869 | Sewer    | Reached * piety under Hepliaklqana
  3917 | Sewer    | Reached skill level 10 in Shields
  4198 | D:6      | Found Igemut's Antique Weapon Emporium.
  4207 | D:6      | Bought a twisted spear for 208 gold pieces
  4207 | D:6      | Identified the +4 spear of the Butterfly {flame, rF+ MR+
                  | Int+2} (You bought it in a shop on level 6 of the Dungeon)
  4236 | D:6      | Reached skill level 1 in Polearms
  4536 | D:6      | Found Fuck's Distillery.
  4539 | D:6      | Bought a potion of heal wounds for 60 gold pieces
  4539 | D:6      | Bought a potion of curing for 36 gold pieces
  4556 | D:6      | Found a runed translucent door.
  4557 | D:6      | Noticed Crazy Yiuf
  4618 | D:6      | Reached XP level 9. HP: 63/77 MP: 8/8
  4773 | D:6      | Noticed Pikel
  4785 | D:6      | Killed Pikel
  4810 | D:6      | Found Siof Sic's Antique Weapon Shoppe.
  4834 | D:6      | Noticed Menkaure
  4843 | D:6      | Killed Menkaure
  5018 | D:6      | Killed Crazy Yiuf
  5027 | D:6      | Got a crystal mace
  5030 | D:6      | Identified the +7 mace "Kyomicze" {freeze, Str+4} (You
                  | found it on level 6 of the Dungeon)
  5203 | D:7      | Reached skill level 1 in Maces & Flails
  5208 | D:7      | Reached skill level 2 in Maces & Flails
  5385 | D:7      | Reached skill level 3 in Maces & Flails
  5389 | D:7      | Reached skill level 4 in Maces & Flails
  5437 | D:7      | Reached ** piety under Hepliaklqana
  5440 | D:7      | Remembered your ancestor Sofia as a hexer
  5452 | D:7      | Reached skill level 5 in Maces & Flails
  5606 | D:7      | Reached skill level 6 in Maces & Flails
  5612 | D:7      | Reached XP level 10. HP: 29/84 MP: 9/9
  5613 | D:7      | Reached skill level 7 in Maces & Flails
  5864 | D:7      | Found Qofoxuyn's Lightly-Used Armoury.
  6191 | D:8      | Reached skill level 8 in Maces & Flails
  6195 | D:8      | Found a staircase to the Lair.
  6247 | D:8      | Reached skill level 9 in Maces & Flails
  6308 | D:8      | Reached *** piety under Hepliaklqana
  6875 | Lair:1   | Entered Level 1 of the Lair of Beasts
  6901 | Lair:1   | Reached skill level 10 in Maces & Flails
  6925 | Lair:1   | Reached skill level 11 in Maces & Flails
  7091 | Lair:1   | Reached skill level 12 in Maces & Flails
  7622 | D:9      | Found a staircase to the Orcish Mines.
  8095 | D:9      | Reached **** piety under Hepliaklqana
  8146 | D:9      | Reached XP level 11. HP: 77/90 MP: 10/10
  8456 | D:9      | Found a roughly hewn altar of Beogh.
  8512 | D:9      | Reached skill level 13 in Maces & Flails
  9122 | Lair:1   | HP: 4/90 [poisoned by a killer bee]
  9127 | Lair:1   | HP: 1/90 [poisoned by a killer bee]
  9130 | Lair:1   | Killed from afar by a rime drake

Skill      XL: |  1  2  3  4  5  6  7  8  9 10 11 |
---------------+----------------------------------+-----
Fighting       | 4 5 6 8 10 | 10.3
Shields        | 6 10 | 10.3
Polearms       | 2 7 |  7.8
Maces & Flails | 6 12 13 | 13.6
Axes           | |  2.4
Armour         | |  3.6

Action                   |  1- 3 |  4- 6 |  7- 9 | 10-12 || total
-------------------------+-------+-------+-------+-------++-------
Melee: War axe           |    79 |    24 |       |       ||   103
       Headbutt          |    10 |    15 |    59 |    54 ||   138
       Unarmed           |       |    20 |       |       ||    20
       Whip              |       |    77 |   170 |       ||   247
       Spear             |       |       |    46 |       ||    46
       Mace              |       |       |    46 |   227 ||   273
Invok: Ancestor Identity |       |       |     1 |       ||     1
       Ancestor Life: He |       |       |     1 |       ||     1
 Abil: Evoke Berserk Rag |       |       |       |     2 ||     2
  Use: Potion            |       |     4 |       |     9 ||    13
       Scroll            |       |     6 |    10 |    12 ||    28
 Stab: Confused          |       |       |       |     1 ||     1
       Distracted        |       |       |       |     1 ||     1
  Eat: Chunk             |     1 |     5 |     6 |     9 ||    21
       Ration            |       |       |     1 |     1 ||     2
Armor: Scale mail        |    35 |    27 |    91 |    33 ||   186
       Skin              |       |     1 |       |       ||     1
Dodge: Dodged            |    21 |    43 |    85 |    71 ||   220
       Deflected         |       |       |       |     3 ||     3
Block: Shield            |    36 |    52 |   186 |   149 ||   423
